 Dungeon Crawl Stone Soup version 0.30-b1-2-g02819fbbbe (webtiles) character file.

Game seed: 14295152675788115187

10 raph the Sneak (level 2, 0/19 HPs)
             Began as a Spriggan Enchanter on Jan 9, 2024.
             Succumbed to a kobold's poison
             ... on level 1 of the Dungeon.
             The game lasted 00:01:08 (284 turns).

raph the Sneak (Spriggan Enchanter)                  Turns: 284, Time: 00:01:09

Health: 0/19       AC: 21    Str:  4    XL:     2   Next: 10%
Magic:  6/6        EV:  4    Int: 16    God:
Gold:   0          SH:  0    Dex: 15    Spells: 6/6 levels left

rFire   . . .        a - +1 dagger
rCold   . . .        (no shield)
rNeg    . . .        b - melded +0 robe
rPois   +            (helmet currently unavailable)
rElec   .            (cloak currently unavailable)
rCorr   .            (gloves unavailable)
SInv    +            (boots unavailable)
Will    .....        (no amulet)
Stlth   +++          (no ring)
HPRegen 0.23/turn    (no ring)
MPRegen 0.10/turn

%: no passive effects
@: lethally poisoned (0 -> -8), tree-form
A: stationary, stasis, torment immunity, boosted hp, very small, no large
weapons, unfitting armour, see invisible, (speed 3)
a: no special abilities


You were on level 1 of the Dungeon.
You were a tree.
You visited 1 branch of the dungeon, and saw 1 of its levels.

Inventory:

Hand Weapons
 a - a +1 dagger (weapon)
Missiles
 e - 2 boomerangs (quivered)
Armour
 b - a +0 robe (melded)
Scrolls
 d - a scroll of enchant armour {unknown}
Potions
 c - 2 potions of invisibility


   Skills:
 + Level 1.2 Short Blades
 + Level 2.9 Dodging
 * Level 4.7 Stealth
 + Level 2.8 Spellcasting
 * Level 3.8 Hexes


You had 6 spell levels left.
You didn't know any spells.
Your spell library contained the following spells:

 Spells                   Type           Power      Damage    Failure   Level
 Confusing Touch          Hex            14%        N/A       12%         3
 Tukima's Dance           Hex            14%        N/A       12%         3
 Ensorcelled Hibernation  Hex/Ice        16%        N/A       13%         2
 Dazzling Flash           Conj/Hex       16%        N/A       26%         3


Dungeon Overview and Level Annotations

Branches:
Dungeon (1/15)

Altars:


Innate Abilities, Weirdness & Mutations

You are a tree.
Your roots penetrate the ground, keeping you stationary.
You cannot be teleported.
You are immune to unholy pain and torment.
Your maximum health is greatly increased.
Your equipment is partially melded.
You are very small and have problems with some larger weapons.
You are too small for most types of armour.
You have supernaturally acute eyesight. (SInv)
((You cover ground extremely quickly. (Speed+++)))


Message History

Found shadow dragon scales.
A kobold and an endoplasm come into view.
The kobold is wielding a +2 dagger of venom.
The endoplasm quivers.
The helpless hobgoblin fails to defend itself.
You puncture the hobgoblin!
You kill the hobgoblin!
You have reached level 2!
The endoplasm freezes you.
You are frozen.
Found 9 gold pieces.
The kobold throws a stone.
The stone closely misses you.
You barely miss the endoplasm. The endoplasm hits you.
The kobold throws a stone.
The stone completely misses you.
You hit the endoplasm.
The endoplasm is heavily wounded.
The endoplasm completely misses you.
The kobold throws a stone.
The stone misses you.
You hit the endoplasm.
The endoplasm is almost dead.
The endoplasm completely misses you.
The kobold throws a stone.
The stone completely misses you.
You barely miss the endoplasm.
The endoplasm is almost dead.
The endoplasm jiggles.
The endoplasm closely misses you.
You hit the endoplasm.
You kill the endoplasm!
The kobold hits you with a +2 dagger of venom.
You barely miss the kobold.
The kobold hits you with a +2 dagger of venom.
You are lethally poisoned!
You hit the kobold.
The kobold is severely wounded.
* * * LOW HITPOINT WARNING * * *
You feel very sick. The kobold misses you.
It was a potion of lignification.
You turn into a tree.
Your +0 robe melds into your body.
Your roots penetrate the ground.
You die...

. ........#+#..#
.# .............#
#
.............#####
#####.#.!.....[...
...#.....#.###
#####..†..# #
#####.#.#.#
..........#
......K♣..#
..........#
..............#
..........###.#
..........#
###.....#.#
#..$..#+# ##.....
#....


You could see a kobold.

Vanquished Creatures
  A dart slug (D:1)
  An endoplasm (D:1)
  2 goblins (D:1)
  2 hobgoblins (D:1)
  A rat (D:1)
7 creatures vanquished.

Notes
Turn   | Place    | Note
-------+----------+-------------------------------------------
     0 | D:1      | raph the Spriggan Enchanter began the quest for the Orb.
     0 | D:1      | Reached XP level 1. HP: 9/9 MP: 5/5
   269 | D:1      | Reached XP level 2. HP: 13/13 MP: 6/6
   284 | D:1      | Succumbed to a kobold's poison

Illustrated notes

Levels and vault maps discovered:
D:1:      lightli_arrival_lavapool, layout_basic, serial_shops, shop,
          minmay_misc_feat_hallway, minmay_octomino_j4

Action                     || total
---------------------------++-------
  Melee: Dagger            ||    26
    Use: Potion            ||     1
   Stab: Sleeping          ||     2
  Dodge: Dodged            ||    18
